 Dungeon Crawl Stone Soup version 0.25.1-2-g60ff931df9 (webtiles) character file.

Game seed: 13574472355660749820

213 funkygono the Cudgeler (level 5, 0/34 HPs)
             Began as a Gargoyle Monk on Oct 23, 2020.
             Slain by Grinder (7 damage)
             ... on level 3 of the Dungeon.
             The game lasted 00:04:24 (2548 turns).

funkygono the Cudgeler (Gargoyle Monk)              Turns: 2548, Time: 00:04:25

Health: 0/34       AC: 16    Str: 16    XL:     5   Next: 90%
Magic:  5/5        EV: 10    Int: 10    God:
Gold:   157        SH:  0    Dex: 12    Spells: 4/4 levels left

rFire    . . .     SeeInvis .   a - +0 mace
rCold    . . .     Gourm    .   (no shield)
rNeg     + . .     Faith    +   i - +1 scale mail
rPois    ∞         Spirit   .   m - +2 helmet
rElec    +         Reflect  .   p - +1 cloak
rCorr    .         Harm     .   (no gloves)
MR       .....                  (no boots)
Stlth    +.........             o - amulet of faith
HPRegen  0.11/turn              (no ring)
MPRegen  0.09/turn              (no ring)

@: no status effects
A: negative energy resistance 1, electricity resistance, unbreathing,
petrification resistance, rot immunity, AC +4
a: no special abilities


You were on level 3 of the Dungeon.
You were hungry.

You visited 1 branch of the dungeon, and saw 3 of its levels.

You collected 157 gold pieces.

Inventory:

Hand Weapons
 a - a +0 mace (weapon)
Missiles
 f - 82 stones (quivered)
 g - 62 arrows
 j - 49 bolts
Armour
 i - a +1 scale mail (worn)
 m - a +2 helmet (worn)
 p - a +1 cloak (worn)
Jewellery
 o - an amulet of faith (around neck)
Scrolls
 k - a scroll of amnesia {unknown}
 n - a scroll of identify
Potions
 b - a potion of berserk rage {unknown}
 e - 3 potions of stabbing {unknown}
 h - 2 potions of ambrosia
 l - 2 potions of curing {unknown}
 q - a potion of brilliance {unknown}
Comestibles
 c - 6 rations
 d - 4 chunks of flesh


   Skills:
 + Level 4.3 Fighting
 + Level 4.7 Maces & Flails
 + Level 1.2 Armour
 + Level 3.4 Dodging
 - Level 2.1 Stealth


You had 4 spell levels left.
You didn't know any spells.
Your spell library was empty.

Dungeon Overview and Level Annotations

Branches:
Dungeon (3/15)

Altars:
Ru

Annotations:
D:3 Grinder


Innate Abilities, Weirdness & Mutations

You are resistant to torment.
Your stone body is resilient. (AC +4)
You are immune to poison.
You resist negative energy. (rN+)
You are resistant to electric shocks. (rElec)
You can survive without breathing.
You are immune to petrification.
You are immune to rotting.


Message History

Grinder is moderately wounded.
Grinder gestures at you. Pain shoots through your body!
You closely miss Grinder.
Grinder is moderately wounded.
Grinder hits you but does no damage.
You hit Grinder.
Grinder is heavily wounded.
Grinder gestures at you. You resist with significant effort.
You closely miss Grinder.
Grinder is moderately wounded.
Grinder hits you.
* * * LOW HITPOINT WARNING * * *
You writhe in agony.
* * * LOW HITPOINT WARNING * * *
You closely miss Grinder.
Grinder is moderately wounded.
Grinder hits you!
You die...

### #.. #.# #.# #.# ########
#########.# .......# #.....5@..#
###..#.# #.#######.# #..#.#
#####.# #..#.# #.###.....# ##+##
#....# #.........# ##...## #....#
#####.##### ##.....## ##.#.##
#.##.## ##.......##
##....########.#...####.........#
......................'.........'


You could see Grinder.

Vanquished Creatures
  An ogre (D:2)
  Robin (D:3)
  A gnoll (D:1)
  4 adders
  2 oozes
  A worm (D:2)
  2 leopard geckos
  A giant cockroach (D:2)
  17 goblins
  6 hobgoblins
  A quokka (D:2)
  2 ball pythons (D:1)
  4 bats
  4 frilled lizards (D:1)
  5 kobolds
  8 rats
60 creatures vanquished.

Notes
Turn   | Place    | Note
-------+----------+-------------------------------------------
     0 | D:1      | funkygono the Gargoyle Monk began the quest for the Orb.
     0 | D:1      | Reached XP level 1. HP: 14/14 MP: 1/1
   132 | D:1      | Reached XP level 2. HP: 19/19 MP: 2/2
   486 | D:1      | Reached XP level 3. HP: 10/24 MP: 3/3
  1206 | D:2      | Noticed an ogre
  1216 | D:2      | Killed an ogre
  1216 | D:2      | Reached XP level 4. HP: 19/29 MP: 4/4
  1216 | D:2      | Reached XP level 5. HP: 22/33 MP: 5/5
  1830 | D:2      | Found a sacrificial altar of Ru.
  2098 | D:3      | Noticed Robin
  2119 | D:3      | Reached skill level 1 in Armour
  2149 | D:3      | Killed Robin
  2524 | D:3      | Noticed Grinder
  2533 | D:3      | Paralysed by Grinder for 2 turns
  2548 | D:3      | Slain by Grinder

Illustrated notes

Levels and vault maps discovered:
D:1:      tarquinn_simple_flora_water_a, layout_basic, minmay_close_crescents
D:2:      layout_basic, overflow_temple_1_default
D:3:      layout_loops_corners, lemuel_doored_altar, lemuel_round_altar,
          due_unseen_surprise, uniq_natasha, uniq_grinder, uniq_robin

Skill      XL: |  1  2  3  4  5 |
---------------+----------------+-----
Fighting       | 4 |  4.3
Maces & Flails | 4 |  4.7
Dodging        | 3 |  3.4
Armour         | 1 |  1.2
Stealth        | |  2.1

Action                   |  1- 3 |  4- 6 || total
-------------------------+-------+-------++-------
Melee: Mace              |    88 |   156 ||   244
  Use: Scroll            |     3 |     4 ||     7
  Eat: Chunk             |     1 |     4 ||     5
Armor: Robe              |    25 |       ||    25
       Ring mail         |    20 |       ||    20
       Scale mail        |     7 |    93 ||   100
Dodge: Dodged            |    81 |    78 ||   159
